 Dungeon Crawl Stone Soup version 0.19-a0-414-g76fec5b (webtiles) character file.

135 Skanax the Stinger (level 4, -1/34 HPs)
             Began as a Draconian Venom Mage on May 30, 2016.
             Slain by crauler's ghost (6 damage)
             ... on level 3 of the Dungeon on May 31, 2016.
             The game lasted 00:20:01 (1941 turns).

Skanax the Stinger (Draconian Venom Mage)           Turns: 1941, Time: 00:20:03

Health: -1/34      AC:  6    Str: 11    XL:     4   Next: 96%
Magic:  7/8        EV: 12    Int: 22    God:
Gold:   90         SH:  4    Dex: 11    Spells: 1 memorised, 8 levels left

rFire  . . .     SeeInvis .     c - +1 whip
rCold  . . .     Gourm    .     (armour unavailable)
rNeg   . . .     Faith    .     (no shield)
rPois  .         Spirit   .     (helmet restricted)
rElec  .         Dismiss  .     (no cloak)
rCorr  .         Reflect  +     (no gloves)
SustAt .         Harm     .     m - +0 pair of boots
MR     .....     Rnd*Tele +     g - +4 amulet of reflection
Stlth  ++........               l - +6 ring of intelligence
                                t - ring of teleportation (curse)

@: very slightly contaminated, invisible, not resistant to hostile enchantments,
unstealthy
A: unfitting armour, cold-blooded, AC +5
a: no special abilities


You were on level 3 of the Dungeon.
You were not hungry.

You visited 1 branch of the dungeon, and saw 3 of its levels.

You collected 90 gold pieces.

Inventory:

Hand Weapons
 c - a +1 whip (weapon)
 u - a +0 shortbow
Missiles
 f - 67 stones (quivered)
 h - 18 arrows
Armour
 d - a +0 robe
 m - a +0 pair of boots (worn)
 q - a +0 buckler
Jewellery
 e - an uncursed ring of ice
 g - a +4 amulet of reflection (around neck)
 l - a +6 ring of intelligence (right hand)
 t - a cursed ring of teleportation (left hand)
Scrolls
 p - a scroll of enchant armour
Potions
 i - 2 potions of haste
Books
 a - a Young Poisoner's Handbook

   Spells                             Type                      Level
   a - Sting                          Conjuration/Poison           1
   b - Cure Poison                    Poison                       2
   c - Mephitic Cloud                 Conjuration/Poison/Air       3
   d - Olgreb's Toxic Radiance        Poison                       4
   e - Venom Bolt                     Conjuration/Poison           5
Comestibles
 b - 3 bread rations
 j - 2 meat rations
 n - 4 chunks of flesh
 s - 3 fruits


   Skills:
 + Level 0.7 Fighting
 + Level 2.2 Dodging
 + Level 1.9 Stealth
 + Level 3.0 Spellcasting
 + Level 1.3 Conjurations
 + Level 5.1 Poison Magic


You had 8 spell levels left.
You knew the following spells:

 Your Spells              Type           Power        Failure   Level  Hunger
a - Sting                 Conj/Pois      ###.         4%          1    None


Dungeon Overview and Level Annotations

Branches:
Dungeon (3/15)

Altars:

Annotations:
D:3 crauler's ghost, amateur KoAr


Innate Abilities, Weirdness & Mutations

Your plain brown scales are hard (AC +5).
Your body does not fit into most forms of armour.
You are cold-blooded and may be slowed by cold attacks.


Message History

You barely miss crauler's ghost.
Crauler's ghost is lightly damaged.
You block crauler's ghost's attack.
You completely miss crauler's ghost.
Crauler's ghost is lightly damaged.
Casting: Sting
Confirm with . or Enter, or press ? or * to list all spells.
You don't know that spell.
Throwing (i - inventory):
f - 68 stones (quivered)
Press: ? - help, Shift-Dir - straight line, f/p - crauler's ghost
Aim: crauler's ghost (lightly damaged)
You throw a stone.
The stone barely misses crauler's ghost.
You hit crauler's ghost but do no damage.
Crauler's ghost is lightly damaged.
Crauler's ghost hits you but does no damage.
You hit crauler's ghost but do no damage.
Crauler's ghost is lightly damaged.
Crauler's ghost hits you.
You die...

#.....(...# #.......รท.#
#.......(.#####.# ...#.
#(..............#
..#.####......####...#
....# #......# ..# #...#
#......# ..# #...#
#...W..# .# #...#
#...@..# #
.....##...###......#
.....##...............
.....##........((.......
.....##.................
.....##............###..
.....###.#.........# ..
.....# #.#.........#
####.###'#..........


You could see crauler's ghost.

Vanquished Creatures
  A centaur (D:3)
  An adder (D:2)
  A worm (D:3)
  4 giant geckos (D:1)
  A giant cockroach (D:2)
  6 goblins
  4 hobgoblins
  4 jackals (D:1)
  A ball python (D:2)
  3 bats
  2 giant newts
  6 kobolds
  9 rats
43 creatures vanquished.

Notes
Turn   | Place    | Note
--------------------------------------------------------------
     0 | D:1      | Skanax the Draconian Venom Mage began the quest for the Orb.
     0 | D:1      | Reached XP level 1. HP: 14/14 MP: 3/3
   396 | D:1      | Reached XP level 2. HP: 20/20 MP: 3/5
   955 | D:1      | Upgraded the game from 0.19-a0-376-gf780d9b to 0.19-a0-414-g76fec5b
  1109 | D:1      | Reached XP level 3. HP: 26/26 MP: 0/6
  1484 | D:2      | Reached skill level 1 in Conjurations
  1875 | D:3      | Noticed a centaur
  1880 | D:3      | Killed a centaur
  1880 | D:3      | Reached skill level 5 in Poison Magic
  1880 | D:3      | Reached XP level 4. HP: 26/34 MP: 0/8
  1903 | D:3      | Noticed crauler's ghost (amateur KoAr)
  1941 | D:3      | Slain by crauler's ghost

Vault maps used:
D:1:      tarquinn_simple_flora_water_d
D:2:      first_bread

Skill      XL: |  1  2  3 |
---------------+----------+-----
Dodging        | 2 |  2.2
Conjurations   | 1 |  1.3
Spellcasting   | 3 |  3.0
Poison Magic   | 5 |  5.1
Fighting       | |  0.7
Stealth        | |  1.9

Action                   |  1- 3 |  4- 6 || total
-------------------------+-------+-------++-------
Melee: Whip              |    46 |     7 ||    53
       Tailslap          |     4 |       ||     4
 Fire: Shortbow          |       |     8 ||     8
Throw: Stone             |     4 |     1 ||     5
 Cast: Sting             |    67 |       ||    67
  Use: Scroll            |     5 |       ||     5
       Potion            |       |     4 ||     4
  Eat: Bread ration      |     1 |       ||     1
Armor: Skin              |    14 |     6 ||    20
Dodge: Dodged            |    41 |     4 ||    45
Block: Other             |     1 |     3 ||     4
